 Dungeon Crawl Stone Soup version 0.19.0-2-gae57169 (webtiles) character file.

492 Patchouli the Chiller (level 6, 0/45 HPs)
             Began as a Demigod Ice Elementalist on Nov 4, 2016.
             Succumbed to a water moccasin's poison
             ... on level 6 of the Dungeon.
             The game lasted 00:13:59 (2112 turns).

Patchouli the Chiller (Demigod Ice Elementalist)    Turns: 2112, Time: 00:14:00

Health: 0/45       AC: 11    Str:  8 (11) XL:     6   Next: 59%
Magic:  14/14      EV: 19    Int: 21 (23) God:
Gold:   119        SH:  0    Dex: 18 (21) Spells: 4 memorised, 2 levels left

rFire  . . .     SeeInvis .     t - -1 dagger (curse)
rCold  . . .     Gourm    .     a - +0 robe
rNeg   + . .     Faith    .     (no shield)
rPois  .         Spirit   .     (no helmet)
rElec  .         Reflect  .     o - +0 cloak
rCorr  .         Harm     .     (no gloves)
MR     .....                    (no boots)
Stlth  +++.......               f - amulet of magic regeneration
                                (no ring)
                                l - ring of positive energy

@: agile, lethally poisoned (0 -> -8), icy armour (expiring), very slightly
contaminated, hasted, very quick
A: hooves 1, thin metallic scales 1, blurry vision 1, high mp 1
a: no special abilities


You were on level 6 of the Dungeon.
You were not hungry.

You visited 1 branch of the dungeon, and saw 6 of its levels.

You collected 119 gold pieces.

Inventory:

Hand Weapons
 p - a +2 rapier of electrocution
 q - a +1 vampiric short sword
 t - a cursed -1 dagger (weapon)
Armour
 a - a +0 robe (worn)
 d - a +0 leather armour
 o - a +0 cloak (worn)
Jewellery
 f - an amulet of magic regeneration (around neck)
 l - a ring of positive energy (left hand)
Wands
 r - a wand of flame (19/48)
 u - a wand of confusion (11/48)
Scrolls
 e - 6 scrolls of identify
 n - a scroll of teleportation
 s - a scroll of random uselessness
 w - a scroll of magic mapping
Potions
 i - a potion of mutation
 v - a potion of resistance {unknown}
 x - a potion of curing {unknown}
Books
 b - a book of Frost

   Spells                             Type                      Level
   a - Freeze                         Ice                          1
   b - Throw Frost                    Conjuration/Ice              2
   c - Ozocubu's Armour               Charms/Ice                   3
   d - Throw Icicle                   Conjuration/Ice              4
   e - Summon Ice Beast               Ice/Summoning                4
Comestibles
 c - 3 bread rations
 j - a slice of pizza
 z - a royal jelly


   Skills:
 - Level 1.1 Armour
 + Level 3.1 Dodging
 - Level 1.7 Stealth
 * Level 3.6 Spellcasting
 - Level 1.8 Conjurations
 * Level 2.2 Charms
 * Level 0.8 Summonings
 * Level 4.1 Ice Magic


You had 2 spell levels left.
You knew the following spells:

 Your Spells              Type           Power        Failure   Level  Hunger
a - Freeze                Ice            ###.         1%          1    None
b - Throw Frost           Conj/Ice       ###...       8%          2    ##.....
c - Summon Ice Beast      Ice/Summ       ##......     54%         4    ####...
q - Ozocubu's Armour      Chrm/Ice       ###.....     12%         3    ###....


Dungeon Overview and Level Annotations

Branches:
Dungeon (6/15)
 Temple: D:4-7


Innate Abilities, Weirdness & Mutations

You have an increased reservoir of magic. (+10% MP)
You have large cloven feet.
You are partially covered in thin metallic scales. (AC +2)
Scrolls take you a little longer to read.


Message History

* * * LOW HITPOINT WARNING * * *
It was a potion of agility.
You feel agile all of a sudden.
* * * LOW HITPOINT WARNING * * *
You feel sick. The water moccasin barely misses you.
The water moccasin completely misses you.
It was a potion of haste.
You feel yourself speed up.
Your icy armour starts to melt.
* * * LOW HITPOINT WARNING * * *
You feel sick. The ice beast completely misses you.
The water moccasin bites you but does no damage.
You are very lightly contaminated with residual magic.
It was a potion of magic.
Magic courses through your body. The water moccasin bites you.
* * * LOW HITPOINT WARNING * * *
The ice beast closely misses you.
It was a potion of degeneration.
There was something very wrong with that liquid.
You feel weakened.
You feel dopey.
You feel clumsy.
You die...

.. ..........
......_.....
##..........
#....h.....
#.........
#.....#..
##.....#.#
.......Y@#
......oS##
.......5.#######
......#h........
#######.#######.
##.....##......
##..............
#...............
#...............


You could see a water moccasin, an ice beast, a hound (wandering), a crimson imp
and an orc.

Vanquished Creatures
  Sigmund (D:3)
  An ice beast (D:5)
  An ogre (D:5)
  An orc priest (D:6)
  A gnoll (D:1)
  3 adders
  3 dart slugs
  2 worms (D:2)
  4 leopard geckos
  8 orcs
  2 bat skeletons (D:3)
  A bat zombie (D:3)
  3 giant cockroaches
  4 goblins
  2 hobgoblins
  9 jackals
  8 bats
  2 frilled lizards (D:1)
  6 kobolds
  10 rats
72 creatures vanquished.

Notes
Turn   | Place    | Note
-------+----------+-------------------------------------------
     0 | D:1      | Patchouli the Demigod Ice Elementalist began the quest for the Orb.
     0 | D:1      | Reached XP level 1. HP: 14/14 MP: 5/5
    60 | D:1      | Reached XP level 2. HP: 9/20 MP: 3/7
   148 | D:1      | Learned a level 2 spell: Throw Frost
   235 | D:1      | Reached skill level 3 in Ice Magic
   387 | D:2      | Reached XP level 3. HP: 17/26 MP: 3/9
   426 | D:1      | Reached skill level 1 in Conjurations
   431 | D:1      | Learned a level 3 spell: Ozocubu's Armour
   653 | D:3      | Found a snail-covered altar of Cheibriados.
   990 | D:3      | Reached XP level 4. HP: 30/33 MP: 4/10
  1251 | D:3      | Noticed Sigmund
  1273 | D:3      | Killed Sigmund
  1273 | D:3      | Reached skill level 1 in Armour
  1273 | D:3      | Reached skill level 1 in Charms
  1273 | D:3      | Reached XP level 5. HP: 31/38 MP: 1/12
  1554 | D:4      | Noticed a slave
  1556 | D:4      | Noticed a slave
  1556 | D:5      | Entered Level 5 of the Dungeon
  1556 | D:5      | Noticed an ice beast
  1569 | D:5      | Killed an ice beast
  1569 | D:5      | Reached skill level 4 in Ice Magic
  1569 | D:5      | Reached XP level 6. HP: 18/45 MP: 9/14
  1588 | D:5      | Learned a level 4 spell: Summon Ice Beast
  2074 | D:5      | Found a sparkling altar of Nemelex Xobeh.
  2102 | D:6      | Noticed a water moccasin
  2106 | D:6      | Found a glowing golden altar of the Shining One.
  2108 | D:6      | Gained mutation: Scrolls take you a little longer to read. [potion of mutation]
  2108 | D:6      | Gained mutation: You have large cloven feet. [potion of mutation]
  2108 | D:6      | Gained mutation: You are partially covered in thin metallic scales. (AC +2) [potion of mutation]
  2110 | D:6      | HP: 2/45 [poisoned by a water moccasin]
  2112 | D:6      | Succumbed to a water moccasin's poison

Skill      XL: |  1  2  3  4  5 |
---------------+----------------+-----
Spellcasting   | 2 3 |  3.6
Dodging        | 2 3 |  3.1
Ice Magic      | 3 4 |  4.1
Conjurations   | 1 |  1.8
Armour         | 1 |  1.1
Charms         | 1 2 |  2.2
Stealth        | |  1.7
Summonings     | |  0.8

Action                   |  1- 3 |  4- 6 || total
-------------------------+-------+-------++-------
Melee: Unarmed           |     3 |    23 ||    26
       Dagger            |       |     1 ||     1
 Cast: Freeze            |    68 |    54 ||   122
       Ozocubu's Armour  |     3 |     8 ||    11
Evoke: Wand              |       |    13 ||    13
  Use: Scroll            |       |     8 ||     8
       Potion            |       |     5 ||     5
  Eat: Chunk             |     1 |     4 ||     5
Armor: Robe              |     6 |    31 ||    37
Dodge: Dodged            |    30 |    77 ||   107
